 Dungeon Crawl Stone Soup version 0.17-a0-1202-g2dd280d (webtiles) character file.

58 MonkeyBuisness the Covered (level 3, 0/33 HPs)
             Began as a Minotaur Fighter on June 3, 2015.
             Slain by a giant newt (2 damage)
             ... on level 3 of the Dungeon.
             The game lasted 00:03:16 (1590 turns).

MonkeyBuisness the Covered (Minotaur Fighter)       Turns: 1590, Time: 00:03:16

Health: 0/33       AC:  7    Str: 20    XL:     3   Next: 76%
Magic:  2/2        EV:  7    Int:  5    God:
Gold:   64         SH:  9    Dex: 10    Spells: 0 memorised, 2 levels left

rFire  . . .     SeeInvis .     a - +0 war axe
rCold  . . .     Clarity  .     b - +0 scale mail
rNeg   . . .     SustAt   .     c - +0 shield
rPois  .         Gourm    .     (helmet restricted)
rElec  .         Spirit   .     (no cloak)
rCorr  .         Warding  .     (no gloves)
rMut   .         Stasis   .     (no boots)
MR     .....                    (no amulet)
Stlth  ..........               (no ring)
                                (no ring)

@: not resistant to hostile enchantments, extremely unstealthy
A: retaliatory headbutt, horns 2
a: no special abilities


You were on level 3 of the Dungeon.
You were near starving.

You visited 1 branch of the dungeon, and saw 3 of its levels.

You collected 64 gold pieces.

Inventory:

Hand weapons
 a - a +0 war axe (weapon)
Armour
 b - a +0 scale mail (worn)
 c - a +0 shield (worn)
Jewellery
 g - an uncursed ring of protection from cold {unknown}
   (You found it on level 1 of the Dungeon)
 i - a +3 ring of strength {unknown}
   (You found it on level 1 of the Dungeon)
Magical devices
 l - a wand of disintegration (9)
   (You found it on level 3 of the Dungeon)
Scrolls
 f - a scroll of magic mapping {unknown}
 k - a scroll of recharging {unknown}
 m - a scroll of identify {unknown}
 o - a scroll of enchant armour {unknown}
Potions
 d - a potion of might
 h - a potion of flight {unknown}
 j - a potion of agility {unknown}
 n - a potion of curing {unknown}
 p - a potion of heal wounds {unknown}
Comestibles
 e - 2 bread rations {@e1}


   Skills:
 + Level 4.0 Fighting
 + Level 3.4 Axes
 + Level 4.3 Armour
 + Level 1.0 Dodging
 + Level 3.8 Shields


You had 2 spell levels left.
You didn't know any spells.

Dungeon Overview and Level Annotations

Branches:
Dungeon (3/15)

Altars:
Kikubaaqudgha

Annotations:
D:3 Terence


Innate Abilities, Weirdness & Mutations

You reflexively headbutt those who attack you in melee.
You have a pair of horns on your head.


Message History

A rat comes into view.
A rat is nearby!
You block the rat's attack. The rat completely misses you.
The rat twitches its whiskers.
The rat bites you but does no damage. You block the rat's attack.
The rat bites you but does no damage. The rat bites you but does no damage.
The rat bites you but does no damage. The rat bites you.
You take 2 damage, and have 23/33 hp.
The rat bites you.
You take 1 damage, and have 22/33 hp.
The rat closely misses you. The rat barely misses you.
You block the rat's attack. The rat bites you.
You take 2 damage, and have 21/33 hp.
The rat bites you but does no damage. The rat bites you but does no damage.
The rat bites you.
You take 2 damage, and have 19/33 hp.
The rat bites you but does no damage. The rat closely misses you.
You furiously retaliate!
You headbutt the rat.
You kill the rat!
You see here a rat corpse.
Found a stone staircase leading down.
p - a smoky grey potion You regained 4 hp, and now have 25/33 hp. 2 jackals and a hobgoblin come into view.
The jackal barks! x2
The hobgoblin shouts!
There are monsters nearby!
You block the jackal's attack. The jackal closely misses you.
The jackal bites you but does no damage.
Terence the Incautious comes into view.
He is wielding a trident.
The jackal bites you but does no damage. x2
You slash the jackal!
You kill the jackal!
You closely miss the jackal.
You hit the withered plant but do no damage.
The jackal bites you but does no damage.
The jackal bites you.
You take 1 damage, and have 25/33 hp.
The jackal bites you.
You take 1 damage, and have 24/33 hp.
The jackal barely misses you. You furiously retaliate!
You headbutt the jackal. You block the jackal's attack.
The jackal bites you but does no damage.
The jackal barely misses you. You furiously retaliate!
You headbutt the jackal!
You kill the jackal!
A giant newt comes into view.
The hobgoblin hits you with a club.
You take 4 damage, and have 20/33 hp.
You block the hobgoblin's attack.
The hobgoblin hits you but does no damage.
Terence shouts!
The hobgoblin hits you with a club.
Terence hits you from afar with a trident!
* * * LOW HITPOINT WARNING * * *
The hobgoblin barely misses you. Terence looks scornfully at you.
Terence hits you from afar with a trident.
* * * LOW HITPOINT WARNING * * *
You block the hobgoblin's attack. Terence barely misses you.
The giant newt completely misses you.
The hobgoblin hits you but does no damage.
You block Terence's attack.
The giant newt bites you but does no damage.
You block the hobgoblin's attack. Terence barely misses you.
The giant newt barely misses you.
The hobgoblin hits you but does no damage.
You take 12 damage, and have 8/33 hp.
MASSIVE DAMAGE!!
Terence hits you from afar with a trident.
* * * LOW HITPOINT WARNING * * *
The giant newt bites you but does no damage.
You take 3 damage, and have 5/33 hp.
The hobgoblin hits you but does no damage.
The giant newt barely misses you. You block Terence's attack.
You block the hobgoblin's attack.
The giant newt bites you but does no damage.
Terence hits you but does no damage. The hobgoblin barely misses you.
The giant newt barely misses you.
Terence says, "You're history."
You block Terence's attack.
The hobgoblin hits you but does no damage.
The giant newt bites you but does no damage.
You block Terence's attack. The giant newt closely misses you.
The hobgoblin hits you but does no damage.
You block Terence's attack. The giant newt bites you.
* * * LOW HITPOINT WARNING * * *
You block the hobgoblin's attack.
Terence hits you from afar with a trident.
* * * LOW HITPOINT WARNING * * *
You block the giant newt's attack.
The hobgoblin hits you but does no damage.
The giant newt bites you.
You die...

#.#.P......###..#<
#....PP.........##
#....#.....##...#. .
#._..##....##...#. ..
#....#......#...#.
...#
#.......P#..#...#.
....
#.#..P..P...#...#.
#.@###...............
#..l@g.P.####.......[
#(####.#.####.###.##.
..>.................#.
.....##.######.#.#.##.
.... #.# #.#...##. ...
#.# #.##..##. ?. #.#
#.##..##. #
#.######.###.##.
#......)....†...


You could see Terence, a hobgoblin and a giant newt.

Vanquished Creatures
  2 adders
  4 ball pythons
  5 giant cockroaches
  7 hobgoblins
  2 jackals (D:3)
  3 quokkas (D:3)
  2 giant newts
  3 goblins (D:1)
  7 kobolds
  5 rats
40 creatures vanquished.

Notes
Turn   | Place    | Note
--------------------------------------------------------------
     0 | D:1      | MonkeyBuisness the Minotaur Fighter began the quest for the Orb.
     0 | D:1      | Reached XP level 1. HP: 19/19 MP: 0/0
   229 | D:1      | Reached XP level 2. HP: 27/27 MP: 1/1
   391 | D:1      | Reached skill level 3 in Axes
   463 | D:1      | Reached skill level 4 in Armour
   752 | D:2      | Reached XP level 3. HP: 30/33 MP: 2/2
  1044 | D:3      | Found an ancient bone altar of Kikubaaqudgha.
  1054 | D:3      | Reached skill level 1 in Dodging
  1456 | D:3      | Reached skill level 4 in Fighting
  1565 | D:3      | Noticed Terence
  1576 | D:3      | HP: 8/33 [Terence/trident (8)]
  1582 | D:3      | HP: 5/33 [Terence/trident (3)]
  1588 | D:3      | HP: 4/33 [giant newt (1)]
  1589 | D:3      | HP: 1/33 [Terence/trident (3)]
  1590 | D:3      | Slain by a giant newt

Vault maps used:
D:1:      minmay_arrival_glassed_features, serial_co_window_serial,
          co_window_of_opportunity_a, co_window_corner_a, co_window_corner_a,
          co_window_cross_1, co_window_paths_b, co_window_broadway_c,
          co_window_2corner, co_window_paths_c, co_window_of_opportunity_b,
          co_window_of_opportunity_c, co_window_4corner_a, glass_columns_a,
          glass_columns_b, glass_columns_b, glass_columns_a
D:3:      kiku_gazebo_garden_becter, serial_glass, glass_columns_c,
          glass_columns_c, first_bread, uniq_terence

Action                   || total
-------------------------++-------
Melee: War axe           ||    43

Vault maps used:
D:1:      minmay_arrival_glassed_features, serial_co_window_serial,
          co_window_of_opportunity_a, co_window_corner_a, co_window_corner_a,
          co_window_cross_1, co_window_paths_b, co_window_broadway_c,
          co_window_2corner, co_window_paths_c, co_window_of_opportunity_b,
          co_window_of_opportunity_c, co_window_4corner_a, glass_columns_a,
          glass_columns_b, glass_columns_b, glass_columns_a
D:3:      kiku_gazebo_garden_becter, serial_glass, glass_columns_c,
          glass_columns_c, first_bread, uniq_terence

Table legend:
 A = Turns spent in this place as a percentage of turns spent in the entire game.
 B = Non-inter-level travel turns spent in this place as a percentage of non-inter-level travel turns spent in the entire game.
 C = Inter-level travel turns spent in this place as a percentage of turns spent in this place.
 D = Turns resting spent in this place as a percentage of non-inter-level travel turns spent in this place.
 E = Turns spent auto-exploring this place as a percentage of non-inter-level travel turns spent in this place.
 F = Non-inter-level travel turns spent in this place divided by the number of levels of this place that you've seen.
                   A       B       C       D       E      F
               +-------+-------+-------+-------+-------+----------------------
         Total | 100.0 | 100.0 |   0.1 |   0.2 |   6.5 | 284.0
       Dungeon | 100.0 | 100.0 |   0.1 |   0.2 |   6.5 | 284.0
               +-------+-------+-------+-------+-------+----------------------

Table legend:
 A = Kills in this place as a percentage of kills in entire the game.
 B = Kills by you in this place as a percentage of kills by you in the entire game.
 C = Kills by friends in this place as a percentage of kills by friends in the entire game.
 D = Other kills in this place as a percentage of other kills in the entire game.
 E = Experience gained in this place as a percentage of experience gained in the entire game.
 F = Experience gained in this place divided by the number of levels of this place that you have seen.
                   A       B       C       D       E      F
               +-------+-------+-------+-------+-------+----------------------
         Total | 100.0 | 100.0 |  -nan |  -nan | 100.0 |  28.0
       Dungeon | 100.0 | 100.0 |  -nan |  -nan | 100.0 |  28.0
               +-------+-------+-------+-------+-------+----------------------
